 Dungeon Crawl Stone Soup version 0.18-a0-816-g97f838e (webtiles) character file.

133 shadower the Sneak (level 5, -1/27 HPs)
             Began as a Vine Stalker Assassin on Dec 15, 2015.
             Killed by nerve-wracking pain
             ... invoked by an orc priest
              (13 damage)
             ... on level 4 of the Dungeon.
             The game lasted 00:27:39 (3036 turns).

shadower the Sneak (Vine Stalker Assassin)          Turns: 3036, Time: 00:27:40

Health: -1/27      AC:  5    Str: 13      XL:     5   Next: 16%
Magic:  0/6        EV: 12    Int: 11      God:
Gold:   179        SH:  0    Dex: 15 (17) Spells: 0 memorised, 4 levels left

rFire  . . .     SeeInvis .     a - +3 dagger
rCold  . . .     Clarity  .     c - +1 robe
rNeg   . . .     SustAt   .     (no shield)
rPois  .         Gourm    .     (no helmet)
rElec  .         Spirit   +     d - +0 cloak
rCorr  .         Dismiss  .     (no gloves)
rMut   .         Stasis   .     l - +0 pair of boots
MR     .....                    j - amulet of regeneration
Stlth  +++.......               (no ring)
                                (no ring)

@: not resistant to hostile enchantments, fairly stealthy
A: fangs 2, regeneration 1, magic shield, antimagic bite, no device heal 3, rot
immunity
a: no special abilities


You were on level 4 of the Dungeon.
You were hungry.

You visited 1 branch of the dungeon, and saw 4 of its levels.

You collected 179 gold pieces.

Inventory:

Hand Weapons
 a - a +3 dagger (weapon)
 b - a +0 blowgun
 n - a +3 trident
 t - a +0 short sword
Missiles
 e - 8 poisoned needles
 f - 2 curare-tipped needles
Armour
 c - a +1 robe (worn)
 d - a +0 cloak (worn)
 h - a +0 cloak
 l - a +0 pair of boots (worn)
 m - a +0 leather armour
Jewellery
 j - an amulet of regeneration (around neck)
 p - an uncursed amulet of inaccuracy
 s - a +2 amulet of reflection
Wands
 r - a wand of confusion (41)
 u - a wand of fire (5)
Scrolls
 g - a scroll of blinking
Potions
 o - a potion of cure mutation
Comestibles
 i - a meat ration
 k - a royal jelly


   Skills:
 + Level 2.3 Fighting
 + Level 2.2 Short Blades
 + Level 1.8 Throwing
 + Level 2.0 Dodging
 + Level 6.5 Stealth


You had 4 spell levels left.
You didn't know any spells.

Dungeon Overview and Level Annotations

Branches:
Dungeon (4/15)
 Temple: D:4-7

Altars:
Ashenzari


Innate Abilities, Weirdness & Mutations

You have extremely sharp teeth.
Your natural rate of healing is unusually fast.
When hurt, damage is shared between your health and your magic reserves.
Your bite disrupts and absorbs the magic of your enemies.
Potions and wands cannot restore your health.
You are immune to rotting.


Message History

The orc priest misses you.
Things that are here:
a dagger; a robe; a hand axe You hit the orc priest.
You bite the orc priest, but do no damage.
The orc priest is severely wounded.
The orc priest hits you with a falchion!
You hit the orc priest but do no damage.
You bite the orc priest, but do no damage.
The orc priest is severely wounded.
The orc priest looks more healthy.
The orc priest hits you with a falchion.
You hit the orc priest but do no damage.
The orc priest is almost dead.
You barely miss the orc priest.
You bite the orc priest, but do no damage.
The orc priest is almost dead.
The orc priest mumbles some strange prayers to Beogh against you.
Pain shoots through your body!
You die...

#...# .#..### #.
#...# ....... . #...#
##.......
#.#...####<.....##
####.#...)...........
........##########.#.
........<.# ..
####.....o#.##...
##....@....(..
#.....(......
...........(.(##
..####..#.#......
......+......
####>..#...?.. .....
..... ####+ +#+##


You could see an orc priest.

Vanquished Creatures
  An orc wizard (D:4)
  3 adders
  A worm (D:2)
  4 orcs
  13 bats
  4 giant cockroaches
  10 goblins
  3 hobgoblins
  8 jackals
  A quokka (D:3)
  A ball python (D:1)
  2 giant geckos
  4 giant newts
  11 kobolds
  8 rats
74 creatures vanquished.

Notes
Turn   | Place    | Note
--------------------------------------------------------------
     0 | D:1      | shadower the Vine Stalker Assassin began the quest for the Orb.
     0 | D:1      | Reached XP level 1. HP: 11/11 MP: 2/2
    91 | D:1      | Reached skill level 5 in Stealth
   229 | D:1      | Reached XP level 2. HP: 15/15 MP: 3/3
   553 | D:1      | Gained mutation: Scrolls take you a little longer to read. [potion of mutation]
   553 | D:1      | Gained mutation: You expend magic power (3 MP) to strengthen your wands. [potion of mutation]
   553 | D:1      | Gained mutation: You are dopey. (Int -2) [potion of mutation]
   572 | D:1      | Lost mutation: Scrolls take you a little longer to read. [potion of cure mutation]
   572 | D:1      | Lost mutation: You expend magic power (3 MP) to strengthen your wands. [potion of cure mutation]
   572 | D:1      | Lost mutation: You are dopey. (Int -2) [potion of cure mutation]
   987 | D:1      | Reached skill level 1 in Dodging
   988 | D:1      | Reached XP level 3. HP: 16/18 MP: 4/4
  1310 | D:2      | Reached skill level 6 in Stealth
  1498 | D:2      | Reached XP level 4. HP: 21/23 MP: 5/5
  1842 | D:2      | Found a shattered altar of Ashenzari.
  3031 | D:4      | Reached XP level 5. HP: 17/27 MP: 3/6
  3036 | D:4      | Killed from afar by an orc priest

Vault maps used:
D:1:      zelgadis_glass_arrival_small, minmay_misc_feat_encased
D:2:      lemuel_crystal_altar, first_bread, minmay_circled_x
D:3:      serial_bayou_pond_d, minmay_misc_feat_nine_boxes
D:4:      marbit_many_paths, minmay_temple_entry_statues_pillars, serial_shops,
          nicolae_shop_competitors_out_of_business, gup_ossuary_entry_pyramid,
          minmay_misc_feat_columns

Action                   |  1- 3 |  4- 6 || total
-------------------------+-------+-------++-------
Melee: Dagger            |   117 |   102 ||   219
 Fire: Blowgun           |       |     5 ||     5
  Use: Scroll            |     3 |     6 ||     9
       Potion            |     5 |     2 ||     7
 Stab: Sleeping          |     7 |     2 ||     9
  Eat: Chunk             |     2 |       ||     2
       Bread ration      |       |     1 ||     1
